Map: Eastwatch LE

Players

JackO

  • Race: Protoss Protoss
  • Spawn Location: 1:00

puCK (Nina) - Winner!

  • Race: Protoss Protoss
  • Spawn Location: 7:00

Event: IEM Season 12 - Katowice

VOD

Have the link to the VOD?

Description

Time

  • Played on: Feb. 26, 2018, 5:13 a.m.
  • Length: 11:55

All games in this series

Show
View Real Time Build Order
Export as new Build Order

JackO Protoss 

Build Orders: Phoenix Opening, Archon Immortal 

Get SALT Encoding   

  12  0:00  Probe  
  13  0:12  Probe  
  14  0:17  Pylon  
  14  0:24  Probe  
  15  0:37  Probe (Chrono Boost)  
  15  0:40  Gateway  
  16  0:46  Probe (Chrono Boost), Assimilator  
  17  0:51  Probe (Chrono Boost)  
  17  0:56  Assimilator  
  18  1:03  Probe (Chrono Boost)  
  19  1:13  Gateway  
  19  1:14  Probe (Chrono Boost)  
  20  1:19  Probe (Chrono Boost)  
  21  1:28  Cybernetics Core  
  21  1:29  Probe  
  22  1:42  Probe  
  23  1:48  Pylon  
  23  2:00  Pylon  
  23  2:06  Warp Gate (Chrono Boost), Probe, Sentry, Stalker  
  28  2:27  Stargate  
  28  2:29  Pylon  
  28  2:40  Stalker  
  28  2:44  Stalker  
  32  3:11  Phoenix  
  34  3:20  Nexus  
  34  3:24  Probe  
  35  3:30  Shield Battery  
  35  3:38  Phoenix  
  37  3:42  Probe  
  38  3:50  Pylon  
  38  3:59  Probe  
  39  4:08  Phoenix (Chrono Boost)  
  41  4:11  Probe (Chrono Boost)  
  42  4:23  Probe (Chrono Boost)  
  42  4:24  Pylon  
  43  4:27  Phoenix (Chrono Boost)  
  45  4:32  Probe (Chrono Boost)  
  45  4:33  Pylon  
  45  4:37  Probe (Chrono Boost)  
  47  4:42  Probe  
  48  4:48  Probe  
  49  4:54  Probe  
  49  4:55  Phoenix (Chrono Boost)  
  52  5:00  Probe  
  52  5:06  Probe  
  54  5:07  Robotics Facility  
  54  5:12  Probe  
  56  5:21  Assimilator  
  56  5:23  Probe (Chrono Boost), Assimilator  
  56  5:24  Probe (Chrono Boost)  
  57  5:29  Forge  
  57  5:31  Gateway  
  53  5:46  Probe, Sentry  
  53  5:47  Zealot  
  53  5:49  Probe  
  59  5:52  Immortal (Chrono Boost)  
  59  5:56  Protoss Ground Weapons Level 1 (Chrono Boost)  
  63  5:58  Probe  
  63  6:01  Probe  
  65  6:05  Twilight Council  
  65  6:10  Probe  
  66  6:14  Probe  
  67  6:22  Pylon  
  67  6:24  Immortal  
  71  6:38  Adept x2  
  75  6:40  Adept  
  74  6:47  Probe x2  
  75  6:59  Probe x2, Nexus  
  75  7:01  Pylon  
  77  7:03  Blink (Chrono Boost)  
  77  7:11  Probe  
  78  7:17  Immortal (Chrono Boost)  
  82  7:26  Gateway  
  82  7:28  Gateway  
  78  7:38  Stalker x3  
  78  7:42  Protoss Ground Weapons Level 2 (Chrono Boost)  
  78  7:43  Gateway  
  84  7:52  Templar Archives  
  84  8:02  Immortal  
  88  8:10  Gateway  
  88  8:17  Robotics Bay  
  88  8:24  Probe  
  88  8:26  Probe x2  
  89  8:29  Pylon  
  89  8:37  High Templar x2  
  89  8:38  Zealot  
  95  8:41  Archon  
  95  8:42  High Templar x2  
  95  8:43  Zealot  
  101  8:53  Archon  
  105  8:59  Probe x3  
  104  9:03  Disruptor (Chrono Boost)  
  104  9:08  Robotics Facility  
  104  9:09  Pylon  
  107  9:11  Probe x2  
  107  9:12  Probe  
  109  9:23  Probe x2  
  111  9:26  Probe  
  111  9:27  Assimilator  
  111  9:28  Assimilator  
  112  9:31  Disruptor (Chrono Boost)  
  112  9:35  Probe x2  
  112  9:38  Probe  
  118  9:42  Pylon  
  118  9:44  Pylon  
  118  9:47  Probe, Pylon  
  118  9:50  High Templar x2  
  118  9:51  Zealot  
  125  9:57  Pylon x2  
  125  9:58  Pylon x2  
  125  10:02  Disruptor (Chrono Boost)  
  125  10:03  Archon  
  126  10:08  Zealot x4  
  130  10:17  Zealot  
  130  10:18  Disruptor (Chrono Boost)  
  109  10:32  Zealot x3  
  110  10:47  Zealot  
  110  10:48  Probe x2, Disruptor  
  110  10:49  Disruptor  
  113  10:55  Zealot x2  
Show
View Real Time Build Order
Export as new Build Order

puCK Protoss - Winner!

Build Orders: Phoenix Opening, Zealot Archon 

Get SALT Encoding   

  12  0:00  Probe  
  13  0:13  Probe  
  14  0:18  Pylon  
  14  0:25  Probe (Chrono Boost)  
  15  0:37  Probe (Chrono Boost), Gateway  
  16  0:45  Probe (Chrono Boost)  
  16  0:47  Assimilator  
  17  0:51  Probe  
  17  0:55  Assimilator  
  18  1:03  Probe (Chrono Boost)  
  19  1:09  Gateway  
  19  1:14  Probe (Chrono Boost)  
  20  1:18  Probe (Chrono Boost)  
  21  1:25  Cybernetics Core  
  21  1:29  Probe  
  22  1:35  Pylon  
  22  1:41  Probe  
  23  1:54  Probe  
  24  2:02  Stalker  
  24  2:03  Warp Gate (Chrono Boost), Sentry  
  28  2:16  Pylon  
  28  2:18  Probe  
  29  2:31  Sentry  
  31  2:38  Stalker  
  31  2:43  Probe  
  34  2:56  Probe  
  35  3:01  Robotics Facility  
  35  3:07  Nexus  
  35  3:11  Sentry  
  38  3:13  Phoenix  
  38  3:17  Pylon  
  37  3:20  Stalker  
  39  3:31  Shield Battery  
  39  3:35  Probe  
  40  3:47  Shield Battery  
  40  3:48  Probe  
  41  3:49  Observer (Chrono Boost)  
  42  4:00  Probe  
  42  4:01  Forge  
  43  4:11  Observer  
  43  4:12  Probe  
  45  4:19  Stalker  
  45  4:21  Probe  
  48  4:24  Probe  
  48  4:28  Stalker  
  51  4:32  Pylon  
  51  4:34  Probe, Protoss Ground Weapons Level 1 (Chrono Boost)  
  51  4:36  Probe  
  52  4:46  Probe, Phoenix, Twilight Council  
  52  4:54  Probe  
  52  4:56  Stalker  
  52  4:58  Probe  
  56  5:00  Stalker  
  56  5:06  Probe  
  59  5:10  Probe  
  60  5:18  Probe  
  60  5:22  Probe  
  60  5:25  Gateway  
  61  5:30  Probe  
  61  5:34  Probe  
  59  5:43  Probe  
  59  5:45  Charge  
  59  5:46  Probe  
  59  5:48  Assimilator  
  59  5:49  Assimilator  
  61  5:55  Probe  
  62  5:58  Probe  
  62  6:01  Nexus  
  62  6:02  Pylon  
  63  6:06  Adept  
  63  6:07  Adept  
  68  6:11  Probe  
  68  6:16  Gateway  
  70  6:27  Gateway  
  70  6:28  Protoss Ground Weapons Level 2 (Chrono Boost)  
  70  6:30  Gateway  
  70  6:32  Templar Archives  
  68  6:36  Gateway  
  66  6:50  Immortal (Chrono Boost)  
  66  6:53  Gateway  
  68  6:57  Observer  
  68  6:58  Gateway  
  68  7:00  Gateway  
  68  7:01  Pylon  
  68  7:03  Probe  
  69  7:09  Photon Cannon  
  69  7:11  High Templar x2  
  69  7:14  Probe  
  74  7:22  Archon  
  74  7:27  Stalker  
  74  7:28  Immortal (Chrono Boost)  
  80  7:30  Observer  
  80  7:36  Zealot x2  
  80  7:37  Zealot  
  85  7:44  Zealot x2  
  85  7:48  Probe x3  
  92  7:57  Pylon  
  92  8:00  Pylon  
  92  8:02  High Templar x2  
  92  8:03  Zealot  
  98  8:06  Archon  
  98  8:07  Probe x2  
  98  8:12  Pylon  
  100  8:13  Pylon  
  100  8:17  Probe  
  100  8:19  Probe x2  
  103  8:25  High Templar x2  
  103  8:27  Pylon  
  107  8:29  Probe, Archon  
  107  8:31  Probe  
  109  8:41  Assimilator  
  109  8:43  Zealot x3, Assimilator  
  109  8:44  Zealot  
  109  8:47  Warp Prism (Chrono Boost)  
  119  9:00  Photon Cannon  
  119  9:01  Photon Cannon  
  119  9:02  Observer  
  119  9:03  Protoss Ground Weapons Level 3 (Chrono Boost)  
  119  9:08  High Templar x2  
  123  9:11  Probe x2  
  123  9:12  Probe, Archon  
  126  9:29  Pylon  
  126  9:30  Zealot x5  
  136  9:31  Pylon  
  136  9:37  High Templar x2  
  140  9:40  Pylon  
  140  9:49  Archon  
  140  9:55  Pylon  
  140  10:07  Zealot x6  
  140  10:08  Zealot x2  
  156  10:14  Zealot x2  
  158  10:30  Zealot x2  
  158  10:31  Zealot x5  
  172  10:42  Pylon, Nexus  
  172  10:43  Pylon  
  172  10:45  Pylon  
  172  10:56  Immortal  
  170  11:01  Stargate x2  
  170  11:03  Stargate  
  164  11:05  High Templar x4  
  164  11:06  High Templar  
  164  11:08  High Templar  
  164  11:11  Archon x2  
  176  11:12  Archon  
  165  11:25  Zealot x4  
  151  11:52  Zealot x5  

Tags
 
Add a new tag
Caveats
  • Supply blocks, unpowered buildings, or Contaminate may cause inaccurate times.
  • Supply counts are checked every 10 seconds.